 Dungeon Crawl Stone Soup version 0.29-a0-802-g34511f41fd (webtiles) character file.

Game seed: 14799617392655701028

2025 buhh the Martial Artist (level 9, -15/74 HPs)
             Began as an Octopode Transmuter on July 4, 2022.
             Was a Follower of Cheibriados.
             Demolished by an orc warrior
             ... wielding a +0 trident
              (20 damage)
             ... in a bailey.
             The game lasted 00:19:52 (11238 turns).

buhh the Martial Artist (Octopode Transmuter)      Turns: 11238, Time: 00:19:53

Health: -15/74     AC:  6    Str: 11    XL:     9   Next: 23%
Magic:  0/12       EV: 12    Int: 33    God:    Cheibriados [*.....]
Gold:   403        SH:  0    Dex: 15    Spells: 1/12 levels left

rFire   x . .      SeeInvis .     - Unarmed
rCold   + + +      Faith    .   (shield currently unavailable)
rNeg    . . .      Spirit   +   (helmet currently unavailable)
rPois   +          Reflect  .   d - amulet of guardian spirit
rElec   .          Harm     .   a - +6 ring of intelligence
rCorr   .          Rampage  .   w - +6 ring of intelligence
Will    .....                   (no ring)
Stlth   ++........              (no ring)
HPRegen 0.22/turn               (no ring)
MPRegen 0.13/turn               (no ring)
                                (no ring)
                                (no ring)

@: ice-form, very slow
A: freezing attack, boosted hp, almost no armour, amphibious, 8 rings, large,
(camouflage 1), (gelatinous body 1), (nimble swimmer 1), (tentacles)
a: End Transformation, Renounce Religion, Bend Time


You were in a bailey.
You worshipped Cheibriados.
Cheibriados was aware of your devotion.
You were a creature of crystalline ice.
You visited 2 branches of the dungeon, and saw 9 of its levels.
You also visited: Bailey.

You collected 403 gold pieces.

Inventory:

Missiles
 o - 10 poisoned darts (quivered)
 y - 5 boomerangs of dispersal
Magical Staves
 q - a staff of conjuration
Jewellery
 a - a +6 ring of intelligence (left front paw)
 d - an amulet of guardian spirit (around neck)
 s - an amulet of faith {!P}
 w - a +6 ring of intelligence (right front paw)
Scrolls
 b - a scroll of brand weapon {unknown}
 c - 2 scrolls of blinking {!d}
 i - 3 scrolls of vulnerability
 j - a scroll of amnesia {unknown}
 m - 2 scrolls of fear {!r}
 n - a scroll of fog {unknown}
 p - a scroll of enchant weapon {unknown}
 r - 3 scrolls of magic mapping {unknown}
 t - 3 scrolls of teleportation {!d}
 B - a scroll of poison {unknown}
 T - 4 scrolls of immolation {!d}
 Z - 2 scrolls of enchant armour
Potions
 f - a potion of might
 g - a potion of ambrosia {unknown}
 h - a potion of haste {unknown}
 k - 2 potions of flight
 u - a potion of heal wounds {unknown}
 v - a potion of brilliance {unknown}
 x - a potion of degeneration {unknown}
 z - a potion of attraction {unknown}
 A - a potion of berserk rage {unknown}
 N - 4 potions of curing {!q!d}


   Skills:
 - Level 6.0 Fighting
 - Level 6.0 Dodging
 - Level 2.0 Stealth
 * Level 8.3 Unarmed Combat
 - Level 2.0 Spellcasting
 - Level 3.0 Transmutations
 - Level 2.0 Poison Magic


You had one spell level left.
You knew the following spells:

 Your Spells              Type           Power      Damage    Failure   Level
a - Beastly Appendage     Tmut           46%        N/A       1%          1
b - Wereblood             Tmut           23%        N/A       2%          2
c - Spider Form           Tmut/Pois      19%        N/A       7%          3
d - Apportation           Tloc           6%         N/A       6%          1
e - Ice Form              Ice/Tmut       13%        N/A       34%         4

Your spell library contained the following spells:

 Spells                   Type           Power      Damage    Failure   Level
 Gell's Gravitas          Tloc           3%         N/A       19%         3
 Teleport Other           Tloc           3%         N/A       19%         3
 Iskenderun's Mystic Bla  Conj/Tloc      3%         2d3       54%         4
 Dispersal                Tloc           1%         N/A       100%        6
 Malign Gateway           Summ/Tloc      1%         N/A       100%        7
 Storm Form               Tmut/Air       6%         N/A       100%        7


Dungeon Overview and Level Annotations

Branches:
Dungeon (8/15) Zot: 40294  Temple (1/1) D:5 Zot: 8500  Bailey (1/1) Zot: 7698
   Lair: D:8-11

Altars:
Ashenzari
Cheibriados
Elyvilon
Fedhas
Gozag
Hepliaklqana
Kikubaaqudgha
Makhleb
Nemelex Xobeh
Okawaru
Qazlal
Ru
Trog
Uskayaw
Vehumet
Wu Jian
Xom
Yredelemnul
Zin
The Shining One

Annotations:
D:5 2 runed translucent doors
D:7 exclusion: centaur
D:8 Grum, Joseph


Innate Abilities, Weirdness & Mutations

You are a creature of crystalline ice.
You have a powerful freezing melee attack.
Your maximum health is increased.
Your armour is entirely melded.
You are incapable of wielding weapons or throwing items.
You cannot wear most types of armour.
You are amphibious.
You can wear up to eight rings at the same time.
((Your skin changes colour to match your surroundings (Stealth+).))
((Your rubbery body absorbs attacks. (AC +1, EV +1)))
((You are camouflaged when in or above water. (Stealth+)))
((You have tentacles for arms and can constrict up to eight enemies at once.))


Message History

The orc warrior goes into a battle-frenzy!
The orc warrior no longer looks unusually strong.
The orc knight roars a battlecry!
The orc warrior goes into a battle-frenzy!
The orc knight roars a battlecry!
The orc warrior no longer looks unusually strong.
The orc knight roars a battlecry!
The orc warrior goes into a battle-frenzy!
The orc knight roars a battlecry!
The orc warrior no longer looks unusually strong.
The orc knight roars a battlecry!
The orc warrior goes into a battle-frenzy!
The spell is quite dangerous to miscast (34% risk of failure)!
Continue anyway?
You turn into a creature of crystalline ice.
The orc warrior closely misses you.
The orc warrior no longer looks unusually strong. x3
The orc warrior hits you from afar with a +0 trident.
The orc warrior closely misses you.
The orc warrior hits you with a +0 trident.
You barely miss the orc warrior. The orc warrior barely misses you.
You punch the orc warrior! You freeze the orc warrior.
The orc warrior is severely wounded.
The orc warrior hits you with a +0 trident!
You hit the orc warrior but do no damage.
The orc warrior is severely wounded.
The orc warrior hits you with a +0 trident.
You barely miss the orc warrior.
The orc warrior is severely wounded.
The orc knight roars a battlecry!
The orc warriors go into a battle-frenzy!
The orc warrior hits you with a +0 trident!!
You hit the orc warrior but do no damage.
The orc warrior is severely wounded.
The orc warrior hits you with a +0 trident!
You hit the orc warrior. You freeze the orc warrior.
The orc warrior is almost dead.
The orc warrior hits you from afar with a +0 trident!!
* * * LOW HITPOINT WARNING * * *
The orc warrior hits you from afar with a +0 trident!!
You die...

..#o...#......♣♣
≈≈#....#≈≈≈≈.oo♣
≈≈#....#≈≈≈≈≈≈o♣
≈≈#....#≈≈≈≈≈≈≈♣♣#
≈≈#....#≈≈≈≈≈≈≈≈≈#
o.#....#...≈≈≈≈≈≈#
♣..........))≈≈≈≈#
............).≈≈≈#
#........####.o≈Y#
####''#### #♣♣♣♣#
....... ..8....8.
.########.


You could see an orc knight and 3 orc warriors.

Vanquished Creatures
  Maurice (D:8)
  Grinder (D:4)
  3 orc warriors (Bailey)
  3 centaurs
  3 phantoms
  A necrophage (D:7)
  A scorpion (D:5)
  A howler monkey (D:4)
  5 hounds
  2 jellies
  Terence (D:2)
  3 iguanas
  2 orc wizards (D:8)
  10 adders
  A shadow imp (D:6)
  A white imp (D:7)
  An ufetubus (D:5)
  3 dart slugs
  18 orcs
  4 ball pythons
  6 endoplasms
  3 giant cockroaches
  11 goblins
  11 hobgoblins
  9 jackals
  2 quokkas
  6 bats
  3 frilled lizards
  8 kobolds
  8 rats
132 creatures vanquished.

Vanquished Creatures (others)
  2 fungi (D:1)
  A plant (D:1)
3 creatures vanquished.

Grand Total: 135 creatures vanquished

Notes
Turn   | Place    | Note
-------+----------+-------------------------------------------
     0 | D:1      | buhh the Octopode Transmuter began the quest for the Orb.
     0 | D:1      | Reached XP level 1. HP: 13/13 MP: 3/3
    55 | D:1      | Reached XP level 2. HP: 16/18 MP: 3/5
  1256 | D:1      | Reached XP level 3. HP: 20/25 MP: 4/6
  1441 | D:1      | Found a faded altar of an unknown god.
  2050 | D:2      | Reached XP level 4. HP: 11/30 MP: 7/7
  2647 | D:2      | Noticed Terence
  3473 | D:3      | Reached XP level 5. HP: 29/36 MP: 5/8
  4060 | D:2      | Killed Terence
  4452 | D:2      | Found an opulent altar of Gozag.
  4695 | D:3      | Learned a level 2 spell: Wereblood
  4699 | D:3      | Learned a level 3 spell: Spider Form
  5033 | D:4      | Noticed Grinder
  5040 | D:4      | Paralysed by Grinder for 5 turns
  5066 | D:4      | Killed Grinder
  5067 | D:4      | Reached skill level 4 in Unarmed Combat
  5067 | D:4      | Reached XP level 6. HP: 43/43 MP: 9/9
  5154 | D:4      | Reached XP level 7. HP: 10/49 MP: 10/10
  5409 | D:4      | Got Keuskeex's Papyrus of Twisted Lightness
  6054 | D:4      | Found a basalt altar of Yredelemnul.
  6235 | D:5      | Entered Level 5 of the Dungeon
  6355 | D:5      | Learned a level 1 spell: Apportation
  7195 | D:5      | Found a staircase to the Ecumenical Temple.
  7209 | Temple   | Entered the Ecumenical Temple
  7505 | Temple   | Became a worshipper of Cheibriados the Contemplative
  7624 | D:5      | Reached XP level 8. HP: 52/55 MP: 6/11
  7734 | D:5      | Found a runed translucent door.
  7739 | D:5      | Found a runed translucent door.
  8420 | D:6      | Learned a level 4 spell: Ice Form
  9071 | D:7      | Reached skill level 5 in Unarmed Combat
  9852 | D:8      | Noticed Grum
  9863 | D:8      | Noticed Joseph
  9889 | D:8      | Noticed Maurice
  9904 | D:8      | Reached skill level 6 in Unarmed Combat
  9921 | D:8      | Killed Maurice
  9922 | D:8      | Reached skill level 7 in Unarmed Combat
  9922 | D:8      | Reached XP level 9. HP: 62/62 MP: 9/12
  9987 | D:8      | Found a flagged portal.
 10001 | Bailey   | Entered a bailey
 10373 | Bailey   | Reached * piety under Cheibriados
 10378 | Bailey   | Noticed an orc knight
 10672 | Bailey   | Reached skill level 8 in Unarmed Combat
 11238 | Bailey   | Demolished by an orc warrior

Illustrated notes

Levels and vault maps discovered:
D:1:      dpeg_arrival_erosion, layout_basic, shapermc_ecumenical_altar_ellora,
          minmay_tiny_reverse_x
D:2:      layout_basic, basic_altar, kennysheep_cross_bottleneck, uniq_terence
D:3:      layout_basic
D:4:      layout_cave_pods, kennysheep_little_box, uniq_grinder
D:5:      lemuel_insect_pit, layout_basic, minmay_temple_entry_slanted,
          hangedman_decor_diamond_cutter
D:6:      layout_basic
D:7:      layout_rooms, kennysheep_generic_room_2
D:8:      layout_basic, enter_bailey_3, uniq_grum, uniq_joseph, uniq_maurice
Temple:   mainiacjoe_temple_cubbyholes
Bailey:   bailey_polearm_elven_captive_hellmonk, bailey

Skill      XL: |  1  2  3  4  5  6  7  8  9 |
---------------+----------------------------+-----
Stealth        | 1 2 |  2.0
Fighting       | 2 3 4 5 6 |  6.0
Dodging        | 4 5 6 |  6.0
Unarmed Combat | 4 7 8 |  8.3
Poison Magic   | 1 2 |  2.0
Transmutations | 3 |  3.0
Spellcasting   | |  2.0

Action                   |  1- 3 |  4- 6 |  7- 9 || total
-------------------------+-------+-------+-------++-------
Melee: Unarmed           |    56 |   124 |   213 ||   393
       Kick              |    20 |    41 |    15 ||    76
       Constrict         |    14 |    29 |    16 ||    59
       Tentacles         |     5 |    15 |     9 ||    29
       Punch             |       |     3 |     4 ||     7
Throw: Dart              |       |       |    16 ||    16
 Cast: Beastly Appendage |    19 |    37 |    31 ||    87
       Spider Form       |       |       |    20 ||    20
       Apportation       |       |       |     1 ||     1
       Wereblood         |       |       |     1 ||     1
       Ice Form          |       |       |     8 ||     8
Evoke: Wand              |       |       |     3 ||     3
  Use: Scroll            |       |     4 |    10 ||    14
       Potion            |       |     4 |     5 ||     9
 Stab: Sleeping          |    10 |     6 |     9 ||    25
Armor: Skin              |       |    19 |    44 ||    63
Dodge: Dodged            |    26 |    56 |   217 ||   299

Table legend: (Time is in decaauts)
 A = Elapsed time spent in this place.
 B = Non-inter-level travel time spent in this place.
 C = Inter-level travel time spent in this place.
 D = Time resting spent in this place.
 E = Time spent auto-exploring this place.
 F = Levels seen in this place.
 G = Mean time per level.
                   A        B        C        D        E       F      G
               +--------+--------+--------+--------+--------+-----+--------+
         Total |  11719 |  11350 |    369 |   2121 |   6421 |  10 | 1171.9 |
       Dungeon |  10064 |   9750 |    314 |   2065 |   6140 |   8 | 1258.0 |
        Temple |    351 |    297 |     54 |      0 |    281 |   1 |  351.0 |
        Bailey |   1304 |   1304 |      0 |     56 |      0 |   1 | 1304.0 |
               +--------+--------+--------+--------+--------+-----+--------+

Top non-repeatable levels by time:
     D:2: 1896 daAuts
     D:1: 1772 daAuts
     D:5: 1427 daAuts
     D:3: 1312 daAuts
  Bailey: 1304 daAuts
     D:4: 1272 daAuts
     D:7: 1113 daAuts
     D:6: 1064 daAuts
  Temple: 351 daAuts
     D:8: 206 daAuts
